 Dungeon Crawl Stone Soup version 0.29-a0-841-g116ddc6ace (webtiles) character file.

Game seed: 15066610501050139556

20974 gruber the Devastator (level 12, 0/72 HPs)
             Began as a Tengu Conjurer on July 14, 2022.
             Was an Elder of Vehumet.
             Slain by a redback (4 damage)
             ... on level 11 of the Dungeon.
             The game lasted 00:31:45 (18895 turns).

gruber the Devastator (Tengu Conjurer)             Turns: 18895, Time: 00:31:46

Health: 0/72       AC:  8    Str: 11    XL:     12   Next: 85%
Magic:  0/25       EV: 20    Int: 31    God:    Vehumet [****..]
Gold:   518        SH:  0    Dex: 17    Spells: 17/28 levels left

rFire   . . .      SeeInvis .   R - +2 dagger (venom)
rCold   . . .      Faith    .   (no shield)
rNeg    . . .      Spirit   +   D - +0 troll leather armour
rPois   .          Reflect  .   (helmet restricted)
rElec   .          Harm     .   B - +0 cloak
rCorr   .          Rampage  .   A - +1 pair of gloves
Will    ++...                   (boots unavailable)
Stlth   ++........              v - amulet of guardian spirit
HPRegen 1.02/turn               I - ring of Tofaumefa {Will+ Str+2 Int+2 Dex+3}
MPRegen 0.19/turn               E - ring of Goily {Will+ Int+6 Dex+2}

@: lethally poisoned (0 -> -84), flying quickly and evasively, quick
A: beak, talons 3, nimble flight
a: Renounce Religion


You were on level 11 of the Dungeon.
You worshipped Vehumet.
Vehumet was greatly pleased with you.
You visited 3 branches of the dungeon, and saw 14 of its levels.

You collected 714 gold pieces.
You spent 196 gold pieces at shops.

Inventory:

Hand Weapons
 t - a +4 short sword
 R - a +2 dagger of venom (weapon)
Missiles
 u - a throwing net
Armour
 A - a +1 pair of gloves (worn)
 B - a +0 cloak (worn)
 D - a +0 troll leather armour (worn)
Jewellery
 a - the ring "Zenec" {*Corrode Fly rF+ Will+ SInv}
   (You took it off a centaur on level 7 of the Dungeon)

   [ring of protection from fire]

   rF:        It protects you from fire.
   SInv:      It lets you see invisible.
   Fly:       It grants you flight.
   *Corrode:  It may corrode you when you take damage.
   Will:      It increases your willpower.
 i - a ring of wizardry
 v - an amulet of guardian spirit (around neck)
 E - the ring of Goily (right hand) {Will+ Int+6 Dex+2}
   (You took it off an orc warrior on level 7 of the Dungeon)

   [ring of intelligence]

   Int:       It affects your intelligence (+6).
   Dex:       It affects your dexterity (+2).
   Will:      It increases your willpower.
 I - the ring of Tofaumefa (left hand) {Will+ Str+2 Int+2 Dex+3}
   (You found it on level 7 of the Dungeon)

   [ring of willpower]

   Str:       It affects your strength (+2).
   Int:       It affects your intelligence (+2).
   Dex:       It affects your dexterity (+3).
   Will:      It increases your willpower.
Wands
 n - a wand of flame (17)
 M - a wand of iceblast (9)
 N - a wand of polymorph (6)
 O - a wand of paralysis (7)
Scrolls
 j - 9 scrolls of noise {unknown}
 k - 5 scrolls of fog {unknown}
 m - 6 scrolls of poison {unknown}
 o - 8 scrolls of teleportation {unknown}
 p - a scroll of enchant armour {unknown}
 r - a scroll of summoning {unknown}
 s - 2 scrolls of acquirement {unknown}
 w - 4 scrolls of blinking {unknown}
 x - a scroll of vulnerability
 P - a scroll of enchant weapon {unknown}
Potions
 b - 2 potions of magic
 c - 4 potions of might
 d - 4 potions of attraction
 e - 2 potions of cancellation
 f - 4 potions of brilliance
 g - 3 potions of degeneration
 h - 2 potions of ambrosia
 l - a potion of lignification
 q - a potion of invisibility
 z - 2 potions of resistance
 C - 2 potions of curing
 G - 2 potions of berserk rage
 H - a potion of heal wounds
 L - 3 potions of mutation


   Skills:
 - Level 7.0 Fighting
 - Level 0.4(0.7) Axes
 - Level 0.4(0.7) Maces & Flails
 - Level 0.3(0.7) Polearms
 - Level 0.3(0.6) Staves
 - Level 7.0 Armour
 - Level 9.0 Dodging
 - Level 2.0 Stealth
 - Level 8.6 Spellcasting
 - Level 16.1 Conjurations
 - Level 0.3 Fire Magic
 * Level 10.2 Air Magic
 - Level 0.1 Poison Magic
 - Level 0.1 Invocations
 - Level 0.1 Evocations


You had 17 spell levels left.
You knew the following spells:

 Your Spells              Type           Power      Damage    Failure   Level
a - Magic Dart            Conj           100%       1d8       0%          1
b - Searing Ray           Conj           100%       2d8       0%          2
c - Fulminant Prism       Conj/Hex       29%        3d14      1%          4
d - Airstrike             Air            33%        0-11+     1%          4

Your spell library contained the following spells:

 Spells                   Type           Power      Damage    Failure   Level
 Sticky Flame             Conj/Fire      59%        2d7       1%          4
 Foxfire                  Conj/Fire      100%       2x1d9     1%          1
 Freeze                   Ice            52%        1d7       1%          1
 Conjure Flame            Conj/Fire      59%        6-21      1%          3
 Dazzling Flash           Conj/Hex       100%       N/A       1%          3
 Flame Wave               Conj/Fire      59%        2d11      1%          4
 Hailstorm                Conj/Ice       59%        3d13      1%          4
 Iskenderun's Mystic Bla  Conj/Tloc      59%        2d12      1%          4
 Inner Flame              Hex/Fire       14%        N/A       3%          3
 Beastly Appendage        Tmut           26%        N/A       4%          1
 Frozen Ramparts          Ice            26%        1d4       4%          3
 Wereblood                Tmut           13%        N/A       7%          2
 Gell's Gravitas          Tloc           13%        N/A       14%         3
 Lesser Beckoning         Tloc           13%        N/A       14%         3
 Ozocubu's Armour         Ice            13%        N/A       14%         3
 Spider Form              Tmut/Pois      13%        N/A       14%         3
 Teleport Other           Tloc           13%        N/A       14%         3
 Cause Fear               Hex            6%         N/A       43%         4
 Petrify                  Tmut/Erth      13%        N/A       43%         4
 Metabolic Englaciation   Hex/Ice        6%         N/A       78%         5
 Dispersal                Tloc           6%         N/A       100%        6
 Statue Form              Tmut/Erth      8%         N/A       100%        6
 Dragon Form              Tmut           6%         N/A       100%        7
 Ozocubu's Refrigeration  Ice            6%         4d6       100%        7
 Dragon's Call            Summ           6%         N/A       100%        9


Dungeon Overview and Level Annotations

Branches:
Dungeon (12/15)            Temple (1/1) D:7            Lair (1/6) D:10
    Orc (0/2) D:12

Altars:
Ashenzari
Cheibriados
Dithmenos
Elyvilon
Fedhas
Gozag
Hepliaklqana
Kikubaaqudgha
Makhleb
Nemelex Xobeh
Okawaru
Qazlal
Ru
Sif Muna
Trog
Uskayaw
Vehumet
Wu Jian
Xom
Yredelemnul
Zin
The Shining One

Shops:
D:3 :*:(   D:4 [   D:6 [*   D:7 **?:

Annotations:
D:9 3 runed translucent doors, qborf's ghost, novice FoAM
D:12 Azrael; Frances
Lair:1 Harold


Innate Abilities, Weirdness & Mutations

You have a beak for a mouth.
You have claws for feet.
Your magical nature lets you fly swiftly and evasively.


Message History

Confirm with . or Enter, or press ? or * to list all spells.
Okay, then.
Casting: Airstrike (safe; 1% risk of failure)
Confirm with . or Enter, or press ? or * to list all spells.
Aiming: Airstrike (safe; 1% risk of failure)
Press: ? - help, Dir - move target, f - redback
Aim: a redback (empty space bonus: 1/8)
The air twists around and strikes the redback.
The redback is lightly wounded.
The redback misses you. The redback bites you!
You are poisoned.
The redback poisons you! The redback bites you!
You are lethally poisoned!
The redback poisons you!
Unknown command.
Casting: Airstrike (safe; 1% risk of failure)
Confirm with . or Enter, or press ? or * to list all spells.
Aiming: Airstrike (safe; 1% risk of failure)
Press: ? - help, Dir - move target, f/p - redback
Aim: a redback (lightly wounded, empty space bonus: 1/8)
The air twists around and strikes the redback!
The redback is heavily wounded.
You feel extremely sick. The redback bites you.
The redback completely misses you. The redback bites you.
You are more poisoned.
The redback poisons you! The redback misses you. The redback barely misses you.
The redback misses you.
Unknown command.
Casting: Airstrike (safe; 1% risk of failure)
Confirm with . or Enter, or press ? or * to list all spells.
Aiming: Airstrike (safe; 1% risk of failure)
Press: ? - help, Dir - move target, f/p - redback
Aim: a redback (heavily wounded, empty space bonus: 1/8)
The air twists around and strikes the redback.
The redback is severely wounded.
* * * LOW HITPOINT WARNING * * *
You feel extremely sick. The redback bites you!
You die...

#####.#.#.).....##.......######
...##.#.'.......##............#
...##.###.......##............#
...##..)'.......###'##........#
...######.......# #.###########
...######.......# #.#
...............## #.#
.[...........<.####.#
...............s@s..#
...............#s####
...............#o#
...............#.#
...............#.#
...............#.#
...............#.#
...............#.#
...............#.#


You could see 3 redbacks and an orc.

Vanquished Creatures
  5 two-headed ogres
  6 skeletal warriors
  An ugly thing (D:11)
  A deep elf pyromancer (D:12)
  A manticore (D:11)
  An elephant (D:9)
  A gargoyle (D:7)
  A cane toad (D:10)
  Maggie (D:7)
  2 hornets
  4 trolls
  A slime creature (D:7)
  Sigmund (D:3)
  A shadow (D:11)
  3 wraiths
  2 wyverns
  14 yaks (D:10)
  3 steam dragons
  6 vampire mosquitoes
  A redback (D:11)
  Edmund (D:6)
  3 acid dragons
  2 water moccasins
  3 black bears
  3 orc warriors
  A sky beast (D:8)
  An ice beast (D:5)
  An ogre (D:5)
  11 centaurs
  2 phantoms
  Blork the orc (D:6)
  6 necrophages
  4 kobold brigands
  3 bullfrogs
  A gnoll sergeant (D:9)
  4 scorpions
  9 wights
  A water moccasin zombie (D:4)
  17 killer bees
  7 howler monkeys
  8 crimson imps (D:10)
  A centaur zombie (D:4)
  5 orc priests
  A human zombie (D:4)
  2 hounds (D:5)
  3 gnoll boudas
  Crazy Yiuf (D:5)
  6 iguanas
  3 hell rats (Lair:1)
  10 orc wizards
  2 hound zombies (D:4)
  A mummy (D:4)
  16 gnolls
  4 adders
  A shadow imp (D:6)
  2 white imps
  2 ufetubi
  2 adder zombies (D:4)
  A worm (D:2)
  2 dart slugs
  26 orcs
  3 bats
  5 endoplasms
  2 giant cockroaches
  15 goblins
  6 hobgoblins
  29 kobolds
  5 quokkas
  5 ball pythons
  A frilled lizard (D:3)
  3 rats
310 creatures vanquished.

Vanquished Creatures (others)
  63 fulminant prisms
63 creatures vanquished.

Grand Total: 373 creatures vanquished

Notes
Turn   | Place    | Note
-------+----------+-------------------------------------------
     0 | D:1      | gruber the Tengu Conjurer began the quest for the Orb.
     0 | D:1      | Reached XP level 1. HP: 10/10 MP: 4/4
   195 | D:1      | Reached XP level 2. HP: 14/15 MP: 0/6
   377 | D:1      | Reached skill level 6 in Conjurations
  1013 | D:2      | Found a faded altar of an unknown god.
  1017 | D:2      | Learned a level 2 spell: Searing Ray
  1100 | D:2      | Reached XP level 3. HP: 19/19 MP: 5/7
  2348 | D:3      | Noticed Sigmund
  2363 | D:3      | Killed Sigmund
  2364 | D:3      | Reached skill level 8 in Conjurations
  2364 | D:3      | Reached XP level 4. HP: 9/24 MP: 0/10
  2364 | D:3      | Gained mutation: Your magical nature lets you fly swiftly
                  | and evasively. [Tengu growth]
  2364 | D:3      | Reached XP level 5. HP: 11/28 MP: 0/11
  2574 | D:3      | Found Caijio's Weapon Emporium.
  2584 | D:3      | Reached XP level 6. HP: 21/32 MP: 2/12
  2898 | D:3      | Found Qinaac Lid's General Store.
  3089 | D:3      | Found Beqovoaf's Book Boutique.
  3158 | D:3      | Found Rutaets's Book Emporium.
  3682 | D:4      | Found a hazy altar of Hepliaklqana.
  3817 | D:4      | Found a shimmering blue altar of Sif Muna.
  4049 | D:4      | Found Xelo's Antique Armour Shoppe.
  4057 | D:4      | Bought a jewelled leather armour for 196 gold pieces
  4057 | D:4      | Identified the +6 leather armour of Beath {rPois Will-
                  | Dex+2} (You bought it in a shop on level 4 of the Dungeon)
  4095 | D:4      | Noticed a black bear
  4102 | D:4      | Killed a black bear
  4103 | D:4      | Reached skill level 9 in Conjurations
  4103 | D:4      | Reached XP level 7. HP: 28/36 MP: 3/14
  4327 | D:4      | Found a stormy altar of Qazlal.
  4890 | D:4      | Reached skill level 10 in Conjurations
  5173 | D:4      | Reached skill level 11 in Conjurations
  5220 | D:4      | Found a basalt altar of Yredelemnul.
  5230 | D:4      | Reached XP level 8. HP: 41/41 MP: 5/15
  5392 | D:5      | Entered Level 5 of the Dungeon
  5695 | D:5      | Found a runed translucent door.
  5696 | D:5      | Noticed Crazy Yiuf
  5740 | D:5      | Killed Crazy Yiuf
  5856 | D:5      | Reached skill level 12 in Conjurations
  5967 | D:5      | Found a glowing golden altar of the Shining One.
  5967 | D:5      | Found an ancient bone altar of Kikubaaqudgha.
  5968 | D:5      | Found a shimmering altar of Xom.
  6510 | D:5      | Reached skill level 13 in Conjurations
  6700 | D:6      | Noticed Edmund
  7000 | D:6      | Killed Edmund
  7002 | D:6      | HP: 1/41 [poisoned by Edmund]
  7235 | D:6      | Reached skill level 5 in Dodging
  7235 | D:6      | Reached XP level 9. HP: 44/45 MP: 7/16
  7390 | D:6      | Found Vuec's Armour Boutique.
  7418 | D:6      | Noticed Blork the orc
  7424 | D:6      | Killed Blork the orc
  7687 | D:6      | Found a shadowy altar of Dithmenos.
  7689 | D:6      | Found Geudisse's CLEARANCE SALE!.
  8376 | D:7      | Found Jount's Magic Scroll Shoppe.
  8452 | D:7      | Learned a level 4 spell: Fulminant Prism
  8482 | D:7      | Noticed a troll
  8487 | D:7      | Killed a troll
  8488 | D:7      | Noticed a troll
  8523 | D:7      | Killed a troll
  8569 | D:7      | Identified the ring of Goily {Will+ Int+6 Dex+2}
  8612 | D:7      | Reached skill level 1 in Armour
  8817 | D:7      | Found Nodwerch's Assorted Antiques.
  8843 | D:7      | Found a hide-covered altar of Uskayaw.
  8917 | D:7      | Found Kawiwix's Assorted Antiques.
  8950 | D:7      | Reached XP level 10. HP: 50/50 MP: 5/17
  9160 | D:7      | Reached skill level 5 in Armour
  9309 | D:7      | Found a staircase to the Ecumenical Temple.
  9321 | Temple   | Entered the Ecumenical Temple
  9472 | Temple   | Became a worshipper of Vehumet
  9520 | D:7      | Found a sacrificial altar of Ru.
  9558 | D:7      | Identified the ring "Zenec" {*Corrode Fly rF+ Will+ SInv}
  9611 | D:7      | Noticed a gargoyle
  9619 | D:7      | Found Jepiebb's Book Shoppe.
  9808 | D:7      | Killed a gargoyle
  9936 | D:7      | Noticed a cyclops
 10113 | D:7      | Reached skill level 1 in Fighting
 10240 | D:7      | Identified the ring of Tofaumefa {Will+ Str+2 Int+2 Dex+3}
 10250 | D:7      | Identified the ring "Aschaehai" {Fly rElec rC- SInv}
 10627 | D:7      | Noticed Maggie
 10637 | D:7      | Killed Maggie
 11065 | D:8      | Noticed a two-headed ogre
 11072 | D:8      | Killed a two-headed ogre
 11072 | D:8      | Reached * piety under Vehumet
 11072 | D:8      | Offered knowledge of Foxfire by Vehumet.
 11073 | D:8      | Reached skill level 5 in Fighting
 11799 | D:8      | Noticed a two-headed ogre
 11809 | D:8      | Killed a two-headed ogre
 11810 | D:8      | Reached XP level 11. HP: 65/67 MP: 7/18
 11917 | D:8      | Reached skill level 14 in Conjurations
 12152 | D:8      | Reached ** piety under Vehumet
 12152 | D:8      | Offered knowledge of Scorch by Vehumet.
 12856 | D:9      | Found a runed translucent gate.
 12856 | D:9      | Found a runed translucent gate.
 12856 | D:9      | Found a runed translucent gate.
 13111 | D:9      | Reached skill level 15 in Conjurations
 13492 | D:9      | Paralysed by a hornet for 2 turns
 13558 | D:9      | Noticed qborf's ghost (novice FoAM)
 13602 | D:9      | Noticed a two-headed ogre
 13633 | D:9      | Killed a two-headed ogre
 13749 | D:9      | Found a faded altar of an unknown god.
 13749 | D:9      | Found an iron altar of Okawaru.
 13757 | D:9      | Found a faded altar of an unknown god.
 13759 | D:9      | Found a burning altar of Makhleb.
 13761 | D:9      | Found a broken altar of Ashenzari.
 13796 | D:9      | Offered knowledge of Static Discharge by Vehumet.
 13932 | D:9      | Found an opulent altar of Gozag.
 14383 | D:10     | Entered Level 10 of the Dungeon
 14405 | D:10     | Reached skill level 16 in Conjurations
 14463 | D:10     | Found a staircase to the Lair.
 14504 | D:10     | Reached skill level 5 in Spellcasting
 14870 | D:10     | Reached *** piety under Vehumet
 15203 | D:10     | Noticed a two-headed ogre
 15215 | D:10     | Killed a two-headed ogre
 15225 | D:10     | Reached XP level 12. HP: 62/72 MP: 6/23
 15668 | D:10     | Offered knowledge of Airstrike by Vehumet.
 15995 | D:11     | Noticed a two-headed ogre
 16006 | D:11     | Killed a two-headed ogre
 16242 | D:11     | Learned a level 4 spell: Airstrike
 16641 | D:11     | Reached **** piety under Vehumet
 16648 | D:11     | Reached skill level 5 in Air Magic
 16860 | D:11     | Offered knowledge of Sticky Flame by Vehumet.
 17529 | Lair:1   | Entered Level 1 of the Lair of Beasts
 17529 | Lair:1   | Noticed Harold
 18177 | D:12     | Found a staircase to the Orcish Mines.
 18481 | D:12     | Reached skill level 10 in Air Magic
 18619 | D:12     | Noticed Frances
 18619 | D:12     | Noticed a boulder beetle
 18620 | D:12     | Noticed Azrael
 18895 | D:11     | Slain by a redback

Illustrated notes

Levels and vault maps discovered:
D:1:      heliophobic_arrival_enchanted_forest, layout_basic,
          wad_floor_pattern_1, minmay_tiny_reverse_x
D:2:      layout_basic, hellmonk_ecumenical_altar_lost_god,
          minmay_goblin_outpost
D:3:      layout_basic, serial_shops, nicolae_shop_waterfront, shop_statue,
          shop, shop, uniq_sigmund
D:4:      layout_loops_corners, nicolae_qazlal_scattered_showers,
          mainiacjoe_overflow_catwalk_spiral,
          lemuel_mausoleum_altar_yredelemnul, serial_shops, nicolae_shop_trees,
          hangedman_decor_push, roderic_serpentine_path
D:5:      layout_basic, gammafunk_temple_overflow_claw, uniq_crazy_yiuf_cottage
D:6:      layout_rooms, nicolae_overflow_hidden_temple, serial_shops, shop,
          nicolae_shop_clearance, uniq_blork_the_orc, uniq_edmund
D:7:      minmay_the_grid_triangle_9x9_recursive_2
          [minmay_the_grid_triangle_9x9_prize_special,
          minmay_the_grid_triangle_9x9_wacky_v,
          minmay_the_grid_triangle_9x9_sprig,
          minmay_the_grid_triangle_9x9_negative_grid], layout_loops_corners,
          mainiacjoe_overflow_alcove_4, eat_drink_and_be_merry_uskayaw,
          minmay_temple_entry_grid, serial_shops, nicolae_stop_n_shop_1,
          shop_scrolls, shop, nicolae_shop_waterfront, chequers_avenue,
          solitary_fountain, uniq_maggie
D:8:      minmay_razor_zed, layout_layer_cave, nrook_campfire,
          minmay_misc_feat_roman
D:9:      layout_roguey, chequers_temple_overflow_minitemple,
          nicolae_gozag_cash_rules_everything_around_me, gammafunk_ghost_icy
D:10:     layout_basic, david_lair_generic, minmay_nine_imps
D:11:     layout_basic, kennysheep_generic_room_5
D:12:     layout_rooms, minmay_orc_entry_temple_small, drop_trap,
          minmay_variable_closet, minmay_stone_trees_medium, uniq_frances,
          uniq_urug, uniq_azrael
Temple:   nicolae_temple_bog_church
Lair:1:   layout_cave_pods, serial_bayou_shore_b, uniq_harold

Skill      XL: |  1  2  3  4  5  6  7  8  9 10 11 12 |
---------------+-------------------------------------+-----
Conjurations   | 6 8 9 11 13 16 | 16.1
Spellcasting   | 3 4 7 8 |  8.6
Dodging        | 5 9 |  9.0
Armour         | 4 7 |  7.0
Fighting       | 7 |  7.0
Air Magic      | 10 | 10.2
Axes           | |  0.4
Maces & Flails | |  0.4
Polearms       | |  0.3
Staves         | |  0.3
Stealth        | |  2.0
Fire Magic     | |  0.3
Poison Magic   | |  0.1
Invocations    | |  0.1
Evocations     | |  0.1

Action                   |  1- 3 |  4- 6 |  7- 9 | 10-12 || total
-------------------------+-------+-------+-------+-------++-------
Melee: Unarmed           |     6 |       |       |       ||     6
       Long sword        |     5 |       |       |       ||     5
       Kick              |     7 |       |     2 |    30 ||    39
       Peck              |     3 |       |     5 |    25 ||    33
       Dagger            |    14 |       |    17 |    82 ||   113
       Punch             |       |       |       |     1 ||     1
 Cast: Magic Dart        |    56 |    43 |    55 |    71 ||   225
       Searing Ray       |     2 |     4 |    76 |    93 ||   175
       Fulminant Prism   |       |       |       |    64 ||    64
       Airstrike         |       |       |       |    41 ||    41
Evoke: Wand              |       |       |       |     5 ||     5
  Use: Potion            |       |       |     1 |     1 ||     2
       Scroll            |       |       |       |    13 ||    13
 Stab: Sleeping          |       |       |     1 |       ||     1
Armor: Robe              |    11 |     5 |    28 |     2 ||    46
       Troll leather arm |       |       |       |    63 ||    63
Dodge: Dodged            |    11 |     2 |   112 |   317 ||   442

Table legend: (Time is in decaauts)
 A = Elapsed time spent in this place.
 B = Non-inter-level travel time spent in this place.
 C = Inter-level travel time spent in this place.
 D = Time resting spent in this place.
 E = Time spent auto-exploring this place.
 F = Levels seen in this place.
 G = Mean time per level.
                   A        B        C        D        E       F      G
               +--------+--------+--------+--------+--------+-----+--------+
         Total |  18134 |  17188 |    946 |    768 |  13769 |  14 | 1295.3 |
       Dungeon |  17972 |  17068 |    904 |    768 |  13663 |  12 | 1497.7 |
        Temple |    154 |    113 |     41 |      0 |    106 |   1 |  154.0 |
          Lair |      7 |      7 |      0 |      0 |      0 |   1 |    7.0 |
               +--------+--------+--------+--------+--------+-----+--------+

Top non-repeatable levels by time:
    D:11: 2260 daAuts
     D:7: 2105 daAuts
     D:4: 1930 daAuts
     D:8: 1786 daAuts
     D:6: 1782 daAuts
     D:9: 1610 daAuts
     D:2: 1382 daAuts
    D:10: 1376 daAuts
     D:5: 1357 daAuts
     D:3: 1023 daAuts
     D:1: 930 daAuts
    D:12: 427 daAuts
  Temple: 154 daAuts
  Lair:1: 7 daAuts
